 Dungeon Crawl Stone Soup version 0.29.0-4-gdea44cf6ec (webtiles) character file.

Game seed: 424840393974018140

17 qw the Chopper (level 2, -1/17 HPs)
             Began as a Tengu Warper on Aug 28, 2022.
             Slain by Terence
             ... wielding a +0 flail
              (8 damage)
             ... on level 1 of the Dungeon.
             The game lasted 00:00:03 (741 turns).

qw the Chopper (Tengu Warper)                        Turns: 741, Time: 00:00:04

Health: -1/17      AC: 11    Str: 11    XL:     2   Next: 62%
Magic:  6/6        EV:  2    Int: 13    God:
Gold:   33         SH:  0    Dex: 13    Spells: 5/5 levels left

rFire   . . .      SeeInvis .   Y - +1 hand axe
rCold   . . .      Faith    .   (no shield)
rNeg    . . .      Spirit   .   e - +1 plate armour
rPois   .          Reflect  .   (helmet restricted)
rElec   .          Harm     .   (no cloak)
rCorr   .          Rampage  .   (no gloves)
Will    .....                   (boots unavailable)
Stlth   ..........              (no amulet)
HPRegen 0.05/turn               (no ring)
MPRegen 0.10/turn               (no ring)

@: no status effects
A: beak, talons 3
a: no special abilities


You were on level 1 of the Dungeon.
You visited 1 branch of the dungeon, and saw 2 of its levels.

You collected 33 gold pieces.


Innate Abilities, Weirdness & Mutations

You have a beak for a mouth.
You have claws for feet.


   Skills:
 - Level 2.0 Fighting
 + Level 3.4 Axes
 - Level 1.0 Throwing
 - Level 1.1 Armour
 - Level 2.1 Dodging
 - Level 2.0 Spellcasting
 - Level 2.4 Translocations


You had 5 spell levels left.
You didn't know any spells.
Your spell library contained the following spells:

 Spells                   Type           Power      Damage    Failure   Level
 Blink                    Tloc           14%        N/A       100%        2
 Gell's Gravitas          Tloc           7%         N/A       100%        3
 Lesser Beckoning         Tloc           7%         N/A       100%        3
 Teleport Other           Tloc           7%         N/A       100%        3
 Manifold Assault         Tloc           7%         N/A       100%        5

Inventory:

Hand Weapons
 k - a +0 club
 Y - a +1 hand axe (weapon)
Armour
 e - a +1 plate armour (worn)
Scrolls
 h - a scroll of identify
Potions
 g - a potion of degeneration {unknown}
 m - a potion of mutation {unknown}

Dungeon Overview and Level Annotations

Branches:
Dungeon (2/15)

Altars:

Annotations:
D:1 Terence


Message History

You climb upwards.
There is a stone staircase leading down here.
You hit the worm. You claw the worm, but do no damage.
The worm is lightly wounded.
You hit the worm. Your kick misses the worm.
The worm is moderately wounded.
The worm bites you.
You hit the worm.
The worm is heavily wounded.
The worm bites you but does no damage.
You hit the worm.
The worm is severely wounded.
You hit the worm but do no damage. You claw the worm.
You peck the worm, but do no damage.
The worm is almost dead.
The worm bites you but does no damage.
You slash the worm!
You kill the worm!
You start resting.
HP restored.
Done exploring.
(D) Dungeon
Where to? (* - list waypoints, Enter - D:2, ? - help)
What level of the Dungeon? (default 1, ? - help)
You climb downwards.
Level annotation: Terence The bat hits you but does no damage.
Terence hits you with a +0 flail. x2
There is a stone staircase leading up here.
738 ||| STAIRDANCE The bat hits you but does no damage.
Terence hits you but does no damage.
You climb upwards.
There is a stone staircase leading down here.
You hit Terence. You claw Terence.
Terence is heavily wounded.
You closely miss the bat. The bat hits you but does no damage.
Terence hits you with a +0 flail.
You hit Terence but do no damage. Your peck misses Terence.
Terence is heavily wounded.
The bat hits you but does no damage. Terence hits you with a +0 flail!
You die...

.......................#
######################.###
#........................#
#.##############.....#..#####
#.# #...................#
#.#######.###..#....###..#.##
#)#.......###.........#..#.#
...............@..##..#..#.#
#.#.....#.....b.@........#.#
#.#...............##.....#.#
#.#.###.........#....##.##.#
#.#.##.[~~~~~~~...#...#.##.#
#.#....~~...7.~~..#...#.##.#
#.#...~~.......~~........#.#
#.#..~~..8.<....~~.......#.#
#.#..~..7.....8..~...###.#.##
#.#..~.....7.....~..........#


You could see Terence and a bat.

Vanquished Creatures
  A worm (D:1)
  A ball python (D:1)
  An endoplasm (D:1)
  3 goblins (D:1)
  A hobgoblin (D:1)
  3 bats (D:1)
  2 frilled lizards (D:1)
  A rat (D:1)
13 creatures vanquished.

Notes
Turn   | Place    | Note
-------+----------+-------------------------------------------
     0 | D:1      | qw the Tengu Warper began the quest for the Orb.
     0 | D:1      | Reached XP level 1. HP: 12/12 MP: 4/4
     0 | D:1      | 0 ||| qw: Version: 0.1-a-89-g26bdef1
     0 | D:1      | 0 ||| qw: Game counter: 2748
     0 | D:1      | 0 ||| qw: Always use a shield: true
     0 | D:1      | 0 ||| qw: God list: Okawaru
     0 | D:1      | 0 ||| qw: Allow faded altars: false
     0 | D:1      | 0 ||| qw: Do Orc after D:15 true
     0 | D:1      | 0 ||| qw: Do second Lair branch before Depths: true
     0 | D:1      | 0 ||| qw: Lair rune preference: random
     0 | D:1      | 0 ||| qw: Plans: Normal
     0 | D:1      | 0 ||| PLANNING D:1-11
   171 | D:1      | Reached XP level 2. HP: 17/17 MP: 6/6
   207 | D:1      | Reached skill level 3 in Axes
   597 | D:1      | 597 ||| UPGRADING to +0 plate armour.
   607 | D:1      | 607 ||| DROPPING +0 leather armour.
   608 | D:1      | 608 ||| READING 2 scrolls labelled LESUSI IW TAUSM.
   609 | D:1      | 609 ||| READING scroll of enchant armour.
   609 | D:1      | 609 ||| ENCHANTING +0 plate armour.
   610 | D:1      | 610 ||| READING 2 scrolls labelled BIMENTEDGHE.
   611 | D:1      | 611 ||| READING scroll labelled SOGISTR OBLE.
   612 | D:1      | 612 ||| READING scroll labelled XUGYPPURIKK.
   613 | D:1      | 613 ||| READING scroll labelled DEUHAPH XO ZERCH.
   614 | D:1      | 614 ||| READING scroll labelled WEMOTUMM TUWO.
   615 | D:1      | 615 ||| DRINKING 2 pink potions.
   616 | D:1      | 616 ||| DRINKING 3 dark potions.
   617 | D:1      | 617 ||| DROPPING scroll of blinking.
   618 | D:1      | 618 ||| DROPPING potion of magic.
   619 | D:1      | 619 ||| DROPPING 2 potions of flight.
   649 | D:2      | Noticed Terence
   650 | D:2      | 650 ||| STAIRDANCE
   656 | D:2      | 656 ||| STAIRDANCE
   738 | D:2      | 738 ||| STAIRDANCE
   741 | D:1      | Slain by Terence

Levels and vault maps discovered:
D:1:      moated_graveyard_arrival, layout_basic, serial_bayou_lagoon_a
D:2:      layout_rooms, uniq_terence

Skill      XL: |  1  2 |
---------------+-------+-----
Axes           | 3 |  3.4
Fighting       | |  2.0
Throwing       | |  1.0
Armour         | |  1.1
Dodging        | |  2.1
Spellcasting   | |  2.0
Translocations | |  2.4

Action                   || total
-------------------------++-------
Melee: Hand axe          ||    19
       Kick              ||     5
       Peck              ||     3
Throw: Boomerang         ||     7
  Use: Scroll            ||     7
       Potion            ||     2
Armor: Plate armour      ||    10
       Leather armour    ||     2
Dodge: Dodged            ||     4

Table legend:
 A = Non-vault XP
 B = Vault XP
 C = Vault XP percentage of total XP
 D = Non-vault monster count
 E = Vault monster count
 F = Vault count percentage of total count
                 A         B        C        D         E       F
            +---------+---------+-------+---------+---------+-------
      Total |      25 |       0 |   0.0 |      13 |       0 |   0.0
            +---------+---------+-------+---------+---------+-------
        D:1 |      25 |       0 |   0.0 |      13 |       0 |   0.0
            +---------+---------+-------+---------+---------+-------
